[Event "Titled Tuesday Blitz April 05 Early 2022"]
[White "Jaskolka, Tomasz"]
[Black "Tasev, Dejan"]
[WhiteFideId "1170791"]
[BlackFideId "936618"]
[WhiteElo "2073"]
[BlackElo "2253"]
[Result "1/2-1/2"]
[Round "08"]
[TimeControl "180+1"]
[Date "2022.04.05"]
[WhiteClock "0:00:34"]
[BlackClock "0:00:30"]

1. d4 Nf6 2. Bf4 e6 3. e3 b6 4. Nf3 Bb7 5. Nbd2 h6 6. Bd3 d6 7. c3 Nbd7 8. h3 g5 9. Bh2 g4 10. hxg4 Nxg4 11. Bg3 Rg8 12. Qe2 a6 13. O-O-O d5 14. Kb1 Bd6 15. Bxd6 cxd6 16. Rh4 f5 17. Rdh1 Qe7 18. g3 b5 19. Nh2 Ndf6 20. Nxg4 Nxg4 21. f3 Nf6 22. Rxh6 O-O-O 23. R1h3 Rg7 24. e4 dxe4 25. fxe4 fxe4 26. Nxe4 Nd5 27. Nd2 e5 28. dxe5 Qxe5 29. Qxe5 dxe5 30. Be4 Nxc3+ 31. bxc3 Rxd2 32. Rh8+ Kc7 33. Bxb7 Kxb7 34. Re8 Rf7 35. Rh1 Re2 36. Re6 e4 37. g4 e3 38. g5 Rg2 39. g6 Rg7 40. Rxe3 R2xg6 41. Kb2 Kb6 42. Rhe1 Ka5 43. Kb3 Rc7 44. a3 Rg2 45. R1e2 Rg1 46. Re1 Rgg7 47. Re6 Rg3 48. R1e3 Rg4 49. Rd6 Rgc4 50. Rd4 Rxd4 51. cxd4 Rc4 52. Rd3 Kb6 53. Rd2 Kc6 54. Rd1 Kd5 55. Rh1 Kxd4 56. Rh6 a5 57. Rh4+ Kc5 58. Rh5+ Kb6 59. Rh6+ Rc6 60. Rh8 a4+ 61. Kb2 Rd6 62. Rh2 Kc5 63. Rc2+ Kb6 64. Rh2 Re6 65. Rd2 Re4 66. Rh2 Kc5 67. Rc2+ Kd4 68. Rd2+ Kc4 69. Rc2+ Kd5 70. Rd2+ Rd4 71. Rh2 Rd3 72. Rg2 Rb3+ 73. Ka2 Rd3 74. Rh2 Kc4 75. Rc2+ Rc3 76. Rh2 Kd3 77. Rh3+ Kd2 78. Rh2+ Kc1 79. Rh1+ Kd2 80. Rh2+ Ke3 81. Rh3+ Kd4 82. Rh4+ Kc5 83. Rh5+ Kb6 84. Rh6+ Rc6 85. Rh2 b4 86. axb4 Kb5 87. Rh5+ Kxb4 88. Rh4+ Rc4 89. Rxc4+ Kxc4 90. Ka3 Kb5 91. Ka2 Kb4 92. Ka1 a3 93. Kb1 Ka4 94. Ka1 Kb3 95. Kb1 a2+ 96. Ka1 Ka3 1/2-1/2


[Site "https://www.chess.com"]

[Event "Titled Tuesday Blitz April 05 Early 2022"]
[White "Kaminski, Victor"]
[Black "Papp, Levente"]
[WhiteFideId "1131630"]
[BlackFideId "751243"]
[WhiteElo "2181"]
[BlackElo "2308"]
[Result "0-1"]
[Round "08"]
[TimeControl "180+1"]
[Date "2022.04.05"]
[WhiteClock "0:00:02"]
[BlackClock "0:00:07"]

1. e4 e6 2. d4 d5 3. e5 c5 4. c3 Nc6 5. Nf3 Qb6 6. a3 Nh6 7. b4 cxd4 8. cxd4 Nf5 9. Be3 Be7 10. Nc3 f6 11. exf6 Bxf6 12. Na4 Qd8 13. Be2 O-O 14. O-O Nce7 15. Bf4 Ng6 16. Bg3 Bd7 17. Bd3 b6 18. Bxf5 exf5 19. Bd6 Re8 20. Nc3 Bc6 21. Be5 Nxe5 22. dxe5 Bxe5 23. Nxe5 Rxe5 24. Qd4 Qe7 25. f4 Re6 26. Rad1 Rd8 27. h3 h6 28. Rd3 Bb7 29. Rg3 Qf6 30. Nb5 a6 31. Qxf6 Rxf6 32. Nd4 Rc8 33. Re1 Rf7 34. Re6 Rc4 35. Nf3 Rxf4 36. Rxb6 d4 37. Rd6 Bxf3 38. Rxf3 Re4 39. Rxa6 f4 40. Ra8+ Kh7 41. b5 Rd7 42. Rd3 Re3 43. Rd1 d3 44. b6 d2 45. Ra7 Re1+ 46. Kf2 Rxa7 47. bxa7 Rxd1 48. a8=Q Re1 0-1


[Site "https://www.chess.com"]

[Event "Titled Tuesday Blitz April 05 Early 2022"]
[White "Khamdamova, Afruza"]
[Black "Politov, Pavel Y."]
[WhiteFideId "14210444"]
[BlackFideId "24110515"]
[WhiteElo "1660"]
[BlackElo "2090"]
[Result "1-0"]
[Round "08"]
[TimeControl "180+1"]
[Date "2022.04.05"]
[WhiteClock "0:00:33"]
[BlackClock "0:00:02"]

1. e4 c5 2. Nf3 d6 3. d4 cxd4 4. Nxd4 Nf6 5. Nc3 a6 6. Bg5 e6 7. f4 h6 8. Bh4 Qb6 9. a3 Nc6 10. Bf2 Qc7 11. h3 e5 12. fxe5 dxe5 13. Nb3 Be6 14. Nd5 Bxd5 15. exd5 Rd8 16. c4 Na5 17. Nxa5 Qxa5+ 18. b4 Qc7 19. Be2 b5 20. Rc1 bxc4 21. Bxc4 Qb7 22. Qa4+ Qd7 23. Qxa6 Qe7 24. Bb5+ Nd7 25. Rc7 Qd6 26. Qb7 Be7 27. Bc5 Bh4+ 28. Kd2 Qf6 29. Bxd7+ Rxd7 30. Rc8+ Rd8 31. Qb5+ Qc6 32. Qxc6# 1-0


[Site "https://www.chess.com"]

[Event "Titled Tuesday Blitz April 05 Early 2022"]
[White "Koc, Przemyslaw"]
[Black "Cagara, Paulina"]
[WhiteFideId "1109081"]
[BlackFideId "1124870"]
[WhiteElo "2141"]
[BlackElo "1780"]
[Result "1-0"]
[Round "08"]
[TimeControl "180+1"]
[Date "2022.04.05"]
[WhiteClock "0:00:07"]
[BlackClock "0:00:13"]

1. d4 f5 2. e4 fxe4 3. Nc3 Nf6 4. Bg5 Nc6 5. d5 Ne5 6. Qe2 Nf7 7. Bxf6 exf6 8. Nxe4 Qe7 9. d6 Nxd6 10. Nxd6+ cxd6 11. O-O-O Qxe2 12. Bxe2 b6 13. Bf3 Rb8 14. Ne2 Ba6 15. Nf4 g5 16. Rhe1+ Kf7 17. Bd5+ Kg7 18. Nh5+ Kg6 19. g4 Rc8 20. Re3 h6 21. Rde1 f5 22. h3 Rc5 23. Bf3 Bc4 24. Re8 Bf7 25. Ra8 Bg7 26. gxf5+ Kh7 27. Rxh8+ Bxh8 28. Ng3 Be5 29. Ne4 Ra5 30. a3 d5 31. Ng3 d6 32. c3 d4 33. cxd4 Bxd4 34. Re7 Kg8 35. Ne4 Be5 36. Bg4 Bf4+ 37. Kc2 d5 38. Nf6+ Kf8 39. Rd7 Rc5+ 40. Kd3 d4 41. Rxd4 Be5 42. Nd7+ Ke7 43. Nxc5 Bxd4 44. Kxd4 bxc5+ 45. Kxc5 Bb3 46. Be2 a5 47. Bd3 Kf6 48. Kd4 Bd1 49. b4 axb4 50. axb4 Bf3 51. Be4 Bd1 52. b5 Ba4 53. b6 1-0


[Site "https://www.chess.com"]

[Event "Titled Tuesday Blitz April 05 Early 2022"]
[White "Kosteniuk, Alexandra"]
[Black "Chernomordik, Pavel"]
[WhiteFideId "4128125"]
[BlackFideId "2804530"]
[WhiteElo "2469"]
[BlackElo "2220"]
[Result "1-0"]
[Round "08"]
[TimeControl "180+1"]
[Date "2022.04.05"]
[WhiteClock "0:00:52"]
[BlackClock "0:00:01"]

1. e4 g6 2. d4 Bg7 3. Nc3 d6 4. Nf3 a6 5. Be3 b5 6. Qd2 Bb7 7. h4 h6 8. h5 g5 9. Bd3 Nd7 10. a4 b4 11. Ne2 c5 12. c3 bxc3 13. bxc3 Qc7 14. Ng3 e6 15. O-O Ngf6 16. Rfe1 Ng4 17. Bxg5 hxg5 18. Qxg5 Rg8 19. Qxg4 O-O-O 20. Qh3 c4 21. Bc2 Bh6 22. d5 Rde8 23. dxe6 fxe6 24. Nd4 Nc5 25. Rab1 Bd2 26. Re2 Bxc3 27. Nf3 Qd7 28. h6 Rh8 29. Ng5 Reg8 30. Qh5 Nd3 31. Bxd3 cxd3 32. Re3 Qxa4 33. Rxd3 Be5 34. Qf7 Qc6 35. Qxe6+ Kc7 36. Rdb3 Bc8 37. Qf7+ Qd7 38. Rc1+ Kd8 39. Rb8 Rxg5 40. Rcxc8+ Qxc8 41. Rxc8+ Kxc8 42. Nf5 Rhg8 43. g3 1-0


[Site "https://www.chess.com"]

[Event "Titled Tuesday Blitz April 05 Early 2022"]
[White "Kouskoutis, Georgios-Alexandros"]
[Black "Manolache, Marius"]
[WhiteFideId "4234049"]
[BlackFideId "1201530"]
[WhiteElo "2130"]
[BlackElo "2364"]
[Result "0-1"]
[Round "08"]
[TimeControl "180+1"]
[Date "2022.04.05"]
[WhiteClock "0:00:02"]
[BlackClock "0:00:22"]

1. c4 e5 2. g3 g6 3. Bg2 Bg7 4. Nc3 Nc6 5. e4 d6 6. Nge2 h5 7. h4 Nd4 8. Nxd4 exd4 9. Ne2 Ne7 10. d3 Nc6 11. O-O O-O 12. Bg5 Qe8 13. Rb1 a5 14. Qd2 Kh7 15. b3 Bg4 16. f3 Bd7 17. a3 Ra7 18. Qc2 Qe5 19. Bf4 Qe7 20. Kh2 Rfa8 21. Bh3 Bxh3 22. Kxh3 Nd8 23. Kg2 Ne6 24. Bd2 Nc5 25. Ng1 a4 26. b4 Nb3 27. Nh3 Kg8 28. Bg5 Qe8 29. Qe2 c6 30. g4 hxg4 31. fxg4 b5 32. cxb5 cxb5 33. h5 d5 34. h6 Bh8 35. Bf6 dxe4 36. dxe4 d3 37. Qxd3 Rd7 38. Qc3 Rc8 39. Qb2 Rd2+ 40. Qxd2 Nxd2 41. Ng5 Bxf6 42. Rxf6 Qe5 43. Rxf7 Qxg5 44. Rg7+ Kh8 45. Rh1 Qxg4+ 0-1


[Site "https://www.chess.com"]

[Event "Titled Tuesday Blitz April 05 Early 2022"]
[White "Kozak, Antoni"]
[Black "Begunov, Konstantin"]
[WhiteFideId "21832030"]
[BlackFideId "4118510"]
[WhiteElo "2236"]
[BlackElo "2262"]
[Result "1-0"]
[Round "08"]
[TimeControl "180+1"]
[Date "2022.04.05"]
[WhiteClock "0:00:14"]
[BlackClock "0:00:07"]

1. e4 c5 2. Nf3 d6 3. c3 Nf6 4. Bd3 Nc6 5. Bc2 Bg4 6. h3 Bh5 7. d4 Bxf3 8. gxf3 cxd4 9. cxd4 e6 10. Be3 d5 11. Nc3 a6 12. h4 Rc8 13. e5 Nh5 14. f4 g6 15. f5 Be7 16. f6 Bb4 17. O-O Na5 18. Ne2 Nc4 19. Bc1 b5 20. a3 Bf8 21. b3 Na5 22. Be3 Qc7 23. Bd3 Nc6 24. Qd2 Qb6 25. Rfc1 Kd7 26. Rc2 Na5 27. Rxc8 Kxc8 28. Rc1+ Kd7 29. Qc3 Bxa3 30. b4 Bxc1 31. bxa5 Qc6 32. Qxc6+ Kxc6 33. Nxc1 Rc8 34. Nb3 Kb7 35. Nc5+ Ka7 36. Bd2 Rc6 37. Kg2 Kb8 38. Kf3 Ka7 39. Kg4 1-0


[Site "https://www.chess.com"]

[Event "Titled Tuesday Blitz April 05 Early 2022"]
[White "Lakshmi C"]
[Black "Buscar, Michael"]
[WhiteFideId "25035347"]
[BlackFideId "2603616"]
[WhiteElo "1775"]
[BlackElo "2010"]
[Result "0-1"]
[Round "08"]
[TimeControl "180+1"]
[Date "2022.04.05"]
[WhiteClock "0:00:02"]
[BlackClock "0:00:25"]

1. d4 Nf6 2. c4 e6 3. Nc3 d5 4. Bg5 Be7 5. e3 O-O 6. Nf3 a6 7. cxd5 exd5 8. Bd3 Nbd7 9. O-O Re8 10. Ne5 Nf8 11. f3 c5 12. Qc2 c4 13. Be2 Ne6 14. Bh4 b5 15. a3 g6 16. Rad1 Ng7 17. e4 Bb7 18. Bf2 Bd6 19. exd5 Nxd5 20. Ng4 Nf5 21. Ne4 Bf8 22. Qc1 Bg7 23. Rfe1 Qb6 24. Ne5 Nfe3 25. Bxe3 Nxe3 26. Nd7 Qd8 27. Ndc5 Bxe4 28. Qxe3 Bc2 29. Qf2 Bxd1 30. Rxd1 Qd5 31. Ne4 Rad8 32. Nc3 Qe6 33. Ne4 f5 34. d5 Qe7 35. d6 Qe6 36. Nc5 Qxe2 37. Qxe2 Rxe2 38. d7 Re7 39. Rd6 Bxb2 0-1


[Site "https://www.chess.com"]

[Event "Titled Tuesday Blitz April 05 Early 2022"]
[White "Maevsky, Nikolay"]
[Black "Przybylski, Wojciech"]
[WhiteFideId "4198220"]
[BlackFideId "1117599"]
[WhiteElo "2126"]
[BlackElo "2133"]
[Result "1-0"]
[Round "08"]
[TimeControl "180+1"]
[Date "2022.04.05"]
[WhiteClock "0:00:56"]
[BlackClock "0:00:07"]

1. d4 Nf6 2. Nf3 d5 3. e3 Bg4 4. Nbd2 e6 5. h3 Bh5 6. g4 Bg6 7. Ne5 Nbd7 8. h4 h5 9. Nxg6 fxg6 10. g5 Ng8 11. c4 c6 12. Bd3 Ne7 13. f4 Nf5 14. Nf3 Bb4+ 15. Kf2 Bd6 16. c5 Bc7 17. b4 O-O 18. Bd2 a5 19. b5 cxb5 20. Bxb5 b6 21. c6 Nd6 22. Bd3 Ne4+ 23. Kg2 Nb8 24. Qc2 Qe8 25. Rhc1 Nxd2 26. Nxd2 Kh7 27. Nf1 Na6 28. a3 Bd6 29. Qe2 Rf5 30. Bxa6 e5 31. dxe5 Bxe5 32. fxe5 Qxe5 33. Bd3 Raf8 34. Bxf5 Rxf5 35. Ng3 Rf8 36. c7 d4 37. c8=Q Rxc8 38. Rxc8 dxe3 39. Re1 Qd5+ 40. Kh2 Qd7 41. Rc4 1-0


[Site "https://www.chess.com"]

[Event "Titled Tuesday Blitz April 05 Early 2022"]
[White "Marcziter, Dmitrii"]
[Black "Weetik, Vjacheslav"]
[WhiteFideId "13900765"]
[BlackFideId "4153472"]
[WhiteElo "2155"]
[BlackElo "2469"]
[Result "0-1"]
[Round "08"]
[TimeControl "180+1"]
[Date "2022.04.05"]
[WhiteClock "0:00:34"]
[BlackClock "0:00:07"]

1. d4 Nf6 2. c4 e6 3. Nf3 d5 4. Bg5 Be7 5. Nc3 O-O 6. e3 h6 7. Bxf6 Bxf6 8. Qb3 c5 9. dxc5 Na6 10. cxd5 Nxc5 11. Qc4 Qb6 12. b4 Ne4 13. Nd4 Nxc3 14. Qxc3 Bd7 15. Rd1 Rac8 16. Qb3 exd5 17. Be2 a5 18. a3 axb4 19. axb4 Be7 20. Rb1 Bf6 21. Qxd5 Rfd8 22. Qa5 Bxd4 23. exd4 Qg6 24. O-O Bc6 25. f3 Rxd4 26. Rbc1 Re8 27. Bb5 Rd2 28. Rf2 Rxf2 29. Kxf2 Qg5 30. Re1 Rxe1 31. Kxe1 Qxb5 32. Qd8+ Kh7 33. Qe7 Qd5 34. Kf2 Kg6 35. Kg3 Qg5+ 36. Qxg5+ Kxg5 37. f4+ Kf5 38. h3 h5 39. Kh4 Bxg2 40. b5 Kxf4 41. b6 Bxh3 42. Kxh5 Bd7 43. Kh4 g5+ 44. Kh5 g4 45. Kh6 f5 46. Kg7 Bc6 47. Kf7 Kg3 48. Ke7 f4 49. Kd6 f3 50. Ke5 Kf2 51. Kd6 g3 52. Kc7 g2 53. Kb8 Kg3 54. Ka7 f2 55. Kb8 f1=Q 56. Kc7 g1=Q 57. Kd6 Qxb6 58. Ke7 Qc7+ 59. Ke6 Qe2+ 60. Kf6 Qee5+ 61. Kg6 Qcg7# 0-1


[Site "https://www.chess.com"]

[Event "Titled Tuesday Blitz April 05 Early 2022"]
[White "Martin Duque, Jesus"]
[Black "Sellitti, Federico"]
[WhiteFideId "2208954"]
[BlackFideId "821829"]
[WhiteElo "2243"]
[BlackElo "2552"]
[Result "0-1"]
[Round "08"]
[TimeControl "180+1"]
[Date "2022.04.05"]
[WhiteClock "0:00:05"]
[BlackClock "0:00:23"]

1. Nf3 Nf6 2. b3 c5 3. Bb2 Nc6 4. c4 d5 5. cxd5 Nxd5 6. e3 f6 7. a3 e5 8. Qc2 Be6 9. d3 Qd7 10. Nbd2 g6 11. g3 Rc8 12. Rc1 Be7 13. Qb1 O-O 14. Bg2 Bh3 15. O-O Bxg2 16. Kxg2 Rfd8 17. Rfd1 b6 18. Ne4 f5 19. Nc3 Bf6 20. e4 Nxc3 21. Bxc3 Nd4 22. Bxd4 exd4 23. Re1 Re8 24. exf5 Qxf5 25. b4 Rf8 26. Qb3+ Kh8 27. bxc5 bxc5 28. Qd1 Bg7 29. Rc4 Rc7 30. Re4 Rcf7 31. Rf4 Qd5 32. Rxf7 Rxf7 33. Ra4 g5 34. h3 h5 35. g4 hxg4 36. hxg4 Rf4 37. Kg3 Be5 38. Qh1+ Kg8 39. Qg2 Rxf3# 0-1


[Site "https://www.chess.com"]

[Event "Titled Tuesday Blitz April 05 Early 2022"]
[White "Matthes, Aaron"]
[Black "Bongo Akanga Ndjila, Barthelemy"]
[WhiteFideId "16227310"]
[BlackFideId "10609431"]
[WhiteElo "2332"]
[BlackElo "1768"]
[Result "1-0"]
[Round "08"]
[TimeControl "180+1"]
[Date "2022.04.05"]
[WhiteClock "0:01:49"]
[BlackClock "0:01:09"]

1. h4 d5 2. h5 h6 3. b3 Nf6 4. Bb2 e6 5. g3 Bd6 6. Bg2 Nbd7 7. Nf3 c6 8. d4 O-O 9. Nbd2 Re8 10. e3 e5 11. dxe5 Nxe5 12. Nxe5 Bxe5 13. Bxe5 Rxe5 14. Nf3 Qa5+ 15. Qd2 Qxd2+ 16. Kxd2 Ne4+ 17. Ke2 Rf5 18. Rh4 Rf6 19. c4 Be6 20. cxd5 Bxd5 21. Rc1 Re8 22. Bh1 b5 23. Rf4 Rxf4 24. gxf4 b4 25. Nd4 Nc3+ 26. Kd3 Bxh1 27. Rxh1 Nxa2 28. Ra1 Nc3 29. Nxc6 Nd5 30. Rxa7 Nf6 31. Nxb4 Nxh5 32. Nd5 Kf8 33. b4 g6 34. b5 Ng7 35. b6 Ne6 36. Nc7 Rd8+ 37. Kc4 Rc8 38. Kb5 Nxc7+ 39. Rxc7 Rd8 40. b7 Rd1 41. Rc8+ Kg7 42. b8=Q Rb1+ 43. Kc4 Rxb8 44. Rxb8 1-0


[Site "https://www.chess.com"]

[Event "Titled Tuesday Blitz April 05 Early 2022"]
[White "Maung, Maung Kyaw Zaw Hein"]
[Black "Kostiukov, Alexandr"]
[WhiteFideId "13001698"]
[BlackFideId "14108100"]
[WhiteElo "1785"]
[BlackElo "2202"]
[Result "1-0"]
[Round "08"]
[TimeControl "180+1"]
[Date "2022.04.05"]
[WhiteClock "0:00:11"]
[BlackClock "0:00:01"]

1. Nf3 g6 2. c4 Bg7 3. d4 d6 4. Nc3 e5 5. e3 Qe7 6. Be2 Nf6 7. O-O O-O 8. b3 c5 9. Bb2 Nc6 10. Nd5 Qd8 11. dxc5 dxc5 12. Nxe5 Nxd5 13. Nxc6 bxc6 14. Bxg7 Kxg7 15. cxd5 cxd5 16. Rc1 Qd6 17. Qc2 Be6 18. Qxc5 Qxc5 19. Rxc5 Rfc8 20. Rfc1 Kf6 21. Bf3 Ke5 22. Rxc8 Rxc8 23. Rxc8 Bxc8 24. Kf1 d4 25. Ke2 dxe3 26. Kxe3 g5 27. Bc6 f5 28. b4 f4+ 29. Kd3 h5 30. a4 g4 31. g3 fxg3 32. fxg3 Bf5+ 33. Kc4 Kd6 34. b5 Be6+ 35. Kd4 Bf5 36. a5 a6 37. Be8 axb5 38. Bxb5 Kc7 39. Bd3 Bd7 40. Bg6 1-0


[Site "https://www.chess.com"]

[Event "Titled Tuesday Blitz April 05 Early 2022"]
[White "Mekhitarian, Krikor Sevag"]
[Black "Silva, Kaua Marques"]
[WhiteFideId "2107660"]
[BlackFideId "22701168"]
[WhiteElo "2598"]
[BlackElo "2071"]
[Result "1-0"]
[Round "08"]
[TimeControl "180+1"]
[Date "2022.04.05"]
[WhiteClock "0:00:07"]
[BlackClock "0:00:04"]

1. Nf3 d5 2. c4 d4 3. b4 f6 4. e3 e5 5. c5 Bg4 6. Bc4 e4 7. h3 Bh5 8. g4 dxe3 9. fxe3 Bg6 10. Nd4 Nc6 11. Qa4 Ne7 12. Ne6 Qd7 13. Nc3 Bf7 14. Nxf8 Rxf8 15. Be2 Bd5 16. Bb2 Ne5 17. Qxd7+ Kxd7 18. Nxd5 Nxd5 19. a3 c6 20. Kf2 Rae8 21. Kg3 h5 22. gxh5 Rh8 23. Raf1 Ke6 24. Rhg1 Ne7 25. Kh2 Reg8 26. Rf4 f5 27. Rgf1 Rf8 28. Rg1 Nd5 29. Rf2 Rh7 30. Rfg2 Rf7 31. Rg6+ Nf6 32. R6g5 Nfd7 33. Rf1 Rf6 34. Bd4 Rf7 35. Rg6+ Rf6 36. Rg3 Rf7 37. Kg2 Rh8 38. a4 Rhf8 39. b5 a6 40. bxa6 bxa6 41. Rb1 Nf3 42. Bxf3 exf3+ 43. Rxf3 f4 44. Rxf4 Rxf4 45. exf4 Rxf4 46. Bxg7 Rh4 47. h6 Nxc5 48. Kg3 Rh5 49. Kg4 1-0


[Site "https://www.chess.com"]

[Event "Titled Tuesday Blitz April 05 Early 2022"]
[White "Melikhov, Evgeny V."]
[Black "Coto Mederos, Michel"]
[WhiteFideId "4122046"]
[BlackFideId "3508528"]
[WhiteElo "1931"]
[BlackElo "2427"]
[Result "0-1"]
[Round "08"]
[TimeControl "180+1"]
[Date "2022.04.05"]
[WhiteClock "0:00:59"]
[BlackClock "0:00:31"]

1. d4 d5 2. c4 e6 3. Nc3 Nf6 4. cxd5 exd5 5. Bg5 Be7 6. e3 c6 7. Bd3 O-O 8. Qc2 Nbd7 9. Nf3 Re8 10. O-O Nf8 11. h3 Bd6 12. e4 dxe4 13. Nxe4 Be7 14. Rfe1 Nxe4 15. Bxe7 Rxe7 16. Rxe4 Rxe4 17. Bxe4 Be6 18. Rd1 h6 19. d5 cxd5 20. Bxd5 Bxd5 21. Qd2 Bxf3 22. Qxd8 Rxd8 23. Rxd8 Bc6 24. f3 g6 25. Kf2 Kg7 26. Ke3 Ne6 27. Ra8 a6 28. b3 h5 29. g4 hxg4 30. hxg4 g5 31. Rb8 Kf6 32. a4 Ke5 33. b4 Nd4 34. Rf8 f6 35. Rf7 Nc2+ 36. Kf2 Nxb4 37. a5 Nc2 38. Re7+ Kd6 39. Rh7 Nd4 40. f4 gxf4 41. g5 fxg5 42. Rg7 Ne6 43. Rg8 Ke5 0-1


[Site "https://www.chess.com"]

[Event "Titled Tuesday Blitz April 05 Early 2022"]
[White "Mickiewicz, Piotr"]
[Black "Bas Mas, Jose Joaquin"]
[WhiteFideId "1114891"]
[BlackFideId "22219064"]
[WhiteElo "2266"]
[BlackElo "2212"]
[Result "1-0"]
[Round "08"]
[TimeControl "180+1"]
[Date "2022.04.05"]
[WhiteClock "0:00:25"]
[BlackClock "0:00:08"]

1. Nf3 Nf6 2. g3 g6 3. Bg2 Bg7 4. O-O O-O 5. d3 d6 6. e4 c5 7. Nc3 Nc6 8. h3 Be6 9. Ng5 Bd7 10. f4 Rb8 11. a4 a6 12. Be3 Nd4 13. Qd2 b5 14. axb5 axb5 15. e5 Ne8 16. exd6 Nxd6 17. g4 b4 18. Nd1 Qc7 19. Ra6 Rb6 20. Rxb6 Qxb6 21. Nf2 Bc6 22. Nge4 Nxe4 23. Nxe4 Bxe4 24. Bxe4 b3 25. c3 Nc2 26. Bf2 Qd6 27. Bg3 Qb6 28. Kh2 f5 29. Bd5+ e6 30. Bc4 Rb8 31. Qe2 Kf7 32. gxf5 gxf5 33. Bh4 Qd6 34. Qh5+ Kg8 35. Qxf5 Re8 36. Rg1 Ne3 37. Qf6 Nf1+ 38. Rxf1 Bxf6 39. Bxf6 Kf7 40. Be5 Qe7 41. f5 Qd8 42. fxe6+ Kg6 43. d4 Qg5 44. Bd3+ Kh5 45. Rf5 Qxf5 46. Bxf5 cxd4 47. cxd4 Rc8 48. d5 Rc2+ 49. Bxc2 bxc2 50. Bf4 Kg6 51. d6 Kf6 52. d7 c1=Q 53. Bxc1 1-0


[Site "https://www.chess.com"]

[Event "Titled Tuesday Blitz April 05 Early 2022"]
[White "Mohammadian, Mohammad"]
[Black "Barbashin, Igor"]
[WhiteFideId "12566055"]
[BlackFideId "4155718"]
[WhiteElo "1544"]
[BlackElo "2138"]
[Result "0-1"]
[Round "08"]
[TimeControl "180+1"]
[Date "2022.04.05"]
[WhiteClock "0:01:05"]
[BlackClock "0:01:59"]

1. e4 d5 2. exd5 Nf6 3. Nc3 Nxd5 4. Nxd5 Qxd5 5. d4 g6 6. Nf3 Bg7 7. Be3 O-O 8. c3 b6 9. Be2 Bb7 10. O-O Nd7 11. Qc2 e5 12. dxe5 Nxe5 13. Rad1 Qxa2 14. Bd4 Nxf3+ 15. Bxf3 Bxf3 16. gxf3 Rad8 17. Bxg7 Kxg7 18. Ra1 Qd5 19. Rxa7 Qxf3 20. Rxc7 Rd5 21. h4 Qg4+ 22. Kh2 Qxh4+ 23. Kg2 Qg4+ 24. Kh1 Rh5# 0-1


[Site "https://www.chess.com"]

[Event "Titled Tuesday Blitz April 05 Early 2022"]
[White "Moskvin, Anatoly"]
[Black "Brodowski, Piotr"]
[WhiteFideId "24199990"]
[BlackFideId "1124480"]
[WhiteElo "2079"]
[BlackElo "2422"]
[Result "0-1"]
[Round "08"]
[TimeControl "180+1"]
[Date "2022.04.05"]
[WhiteClock "0:00:10"]
[BlackClock "0:00:12"]

1. e4 c5 2. Nf3 e6 3. d3 Nc6 4. g3 g6 5. d4 cxd4 6. Nxd4 a6 7. Be3 Bg7 8. Nc3 Nge7 9. Bg2 O-O 10. a4 d5 11. exd5 exd5 12. O-O Ne5 13. Bg5 f6 14. Bf4 Bg4 15. Qc1 g5 16. Be3 Qd7 17. a5 h6 18. Na4 Rad8 19. Nb6 Qd6 20. h3 Bf5 21. Rd1 Be4 22. c4 Bxg2 23. c5 Qb8 24. Kxg2 f5 25. Ne6 f4 26. Nxf8 Rxf8 27. Bd4 N7c6 28. Qc2 Nxd4 29. Rd3 Nxc2 0-1


[Site "https://www.chess.com"]

[Event "Titled Tuesday Blitz April 05 Early 2022"]
[White "Muradov, Soltan"]
[Black "Butti, Enrique"]
[WhiteFideId "14002108"]
[BlackFideId "3700470"]
[WhiteElo "1854"]
[BlackElo "2080"]
[Result "1/2-1/2"]
[Round "08"]
[TimeControl "180+1"]
[Date "2022.04.05"]
[WhiteClock "0:00:21"]
[BlackClock "0:00:13"]

1. e4 c5 2. d4 e6 3. d5 exd5 4. exd5 d6 5. c4 Be7 6. Nc3 Nf6 7. Bd3 O-O 8. Nge2 Ng4 9. Qc2 f5 10. f4 g6 11. O-O Bf6 12. h3 Nh6 13. Be3 Re8 14. Bf2 Nf7 15. Rae1 Na6 16. a3 Nc7 17. Kh1 Bd7 18. Ng1 a6 19. a4 Rb8 20. Nf3 b5 21. axb5 axb5 22. cxb5 Nxb5 23. Nxb5 Bxb5 24. Bxb5 Rxb5 25. b3 Rxe1 26. Rxe1 Qb6 27. Nd2 Qb7 28. Re6 Kg7 29. Qd3 Rb4 30. Be3 Bd4 31. Nc4 Qxd5 32. Bxd4+ cxd4 33. Re7 Kf6 34. Re8 Rb7 35. Qe2 d3 36. Qe1 Kg7 37. Nd2 Qd4 38. Nf3 Qxf4 39. Qc3+ Kh6 40. Qxd3 Ra7 41. Re1 Ra2 42. Qe3 Qxe3 43. Rxe3 Rb2 44. Re7 Ne5 45. Nxe5 dxe5 46. Rxe5 Rxb3 47. Re6 Rc3 48. Ra6 Rb3 49. Rc6 f4 50. Kg1 f3 51. gxf3 Rxf3 52. Kg2 Rf5 53. Rc7 g5 54. Rc6+ Kh5 55. Rc7 h6 56. Ra7 g4 57. hxg4+ Kxg4 58. Ra4+ Rf4 59. Rxf4+ Kxf4 60. Kh1 h5 61. Kg1 h4 62. Kh1 h3 63. Kg1 h2+ 64. Kh1 Kg3 1/2-1/2


[Site "https://www.chess.com"]

[Event "Titled Tuesday Blitz April 05 Early 2022"]
[White "Namitbir Singh Walia"]
[Black "Ronka, Erik"]
[WhiteFideId "35071068"]
[BlackFideId "505080"]
[WhiteElo "1565"]
[BlackElo "2264"]
[Result "0-1"]
[Round "08"]
[TimeControl "180+1"]
[Date "2022.04.05"]
[WhiteClock "0:00:02"]
[BlackClock "0:00:14"]

1. d4 d5 2. c4 c6 3. g3 Nf6 4. Bg2 Bg4 5. Nf3 e6 6. O-O Nbd7 7. Qc2 Bd6 8. Nbd2 Bf5 9. Qd1 h6 10. b3 O-O 11. Bb2 Qe7 12. Re1 Ba3 13. Qc1 Bxb2 14. Qxb2 a5 15. Nh4 Bh7 16. e4 dxe4 17. Nxe4 Nxe4 18. Bxe4 Bxe4 19. Rxe4 Nf6 20. Re2 Qb4 21. a3 Qb6 22. Rae1 Rad8 23. Nf3 Qa6 24. Ne5 Rd6 25. Rd1 Rfd8 26. h4 Qa8 27. g4 Nd7 28. Nf3 Nf8 29. g5 h5 30. Ne5 Qb8 31. Red2 c5 32. Nf3 cxd4 33. Rxd4 Ng6 34. Qc3 b6 35. Qe3 Qc7 36. Kf1 Qe7 37. Ke2 e5 38. Rxd6 Rxd6 39. Rxd6 Qxd6 40. Nd2 Nf4+ 41. Kf1 Qxa3 42. f3 Qc1+ 43. Kf2 Qd1 44. Ne4 Nd3+ 45. Kg2 Qxb3 46. Nd2 Nf4+ 0-1


[Site "https://www.chess.com"]

[Event "Titled Tuesday Blitz April 05 Early 2022"]
[White "Noboa Silva, Kevin"]
[Black "Koridze, Lile"]
[WhiteFideId "3618471"]
[BlackFideId "13612514"]
[WhiteElo "2172"]
[BlackElo "2050"]
[Result "1-0"]
[Round "08"]
[TimeControl "180+1"]
[Date "2022.04.05"]
[WhiteClock "0:01:41"]
[BlackClock "0:02:28"]

1. e4 c5 2. c3 Nf6 3. e5 Nd5 4. d4 cxd4 5. cxd4 d6 6. Nf3 Nc6 7. Bc4 Nb6 8. Bb5 dxe5 9. Nxe5 Bd7 10. Nxd7 Qxd7 11. O-O e6 12. Qg4 a6 13. Bxc6 Qxc6 14. Nc3 Rd8 15. Bg5 Rd7 16. Rad1 Bd6 17. Rfe1 O-O 18. Bf6 g6 19. Qh4 Rc8 20. Re3 Bf8 21. Rh3 h6 22. Qxh6 1-0


[Site "https://www.chess.com"]

[Event "Titled Tuesday Blitz April 05 Early 2022"]
[White "Odegov, Artem"]
[Black "Polster, Christian"]
[WhiteFideId "34183644"]
[BlackFideId "12965081"]
[WhiteElo "2286"]
[BlackElo "2336"]
[Result "1-0"]
[Round "08"]
[TimeControl "180+1"]
[Date "2022.04.05"]
[WhiteClock "0:02:19"]
[BlackClock "0:00:24"]

1. d4 d5 2. c4 e6 3. Nf3 c6 4. Nc3 dxc4 5. e4 b5 6. Be2 Bb4 7. O-O Bb7 8. Bg5 Ne7 9. Qc2 Nd7 10. Rad1 a6 11. d5 Bxc3 12. dxe6 fxe6 13. Qxc3 O-O 14. Ne5 Nxe5 15. Rxd8 Rfxd8 16. Bxe7 Rd7 17. Qxe5 Rxe7 18. Rd1 Rf8 19. Rd6 Rfe8 20. f4 h6 21. Bg4 Kh8 22. Rxe6 Rxe6 23. Bxe6 Bc8 24. f5 Bxe6 25. fxe6 1-0


[Site "https://www.chess.com"]